Map: Ruins of Endion

Players

Beastyqt - Winner!

  • Race: Terran Terran
  • League: Grandmaster

LiquidTLO (TLO)

  • Race: Zerg Zerg
  • League: Grandmaster

VOD

Have the link to the VOD?

Description

Time

  • Played on: July 2, 2016, 10:37 a.m.
  • Length: 10:16
Show
View Real Time Build Order
Export as new Build Order

Beastyqt Terran - Winner!

Build Orders: Reaper Expand, MMM Bio 

Get SALT Encoding   

  12  0:00  SCV  
  13  0:13  SCV  
  14  0:17  Supply Depot  
  14  0:25  SCV  
  15  0:39  SCV  
  15  0:40  Barracks  
  16  0:45  Refinery  
  16  0:51  SCV  
  17  1:03  SCV  
  18  1:15  SCV  
  19  1:27  Orbital Command  
  19  1:31  Reaper  
  20  1:39  Command Center  
  20  1:48  Supply Depot  
  20  1:53  SCV  
  21  2:03  Marine  
  21  2:05  SCV  
  23  2:11  Factory  
  23  2:17  SCV  
  23  2:18  Refinery  
  24  2:25  Barracks Reactor  
  24  2:29  SCV  
  25  2:41  SCV  
  26  2:51  Orbital Command  
  26  2:53  SCV  
  26  2:58  Supply Depot  
  27  3:00  Starport, Widow Mine  
  27  3:03  Marine x2  
  31  3:08  SCV  
  32  3:14  Bunker  
  32  3:17  SCV  
  33  3:20  SCV  
  33  3:21  Marine x2  
  33  3:26  Supply Depot  
  36  3:29  SCV  
  36  3:33  SCV  
  38  3:38  Medivac  
  38  3:39  Marine x2, Factory Tech Lab  
  38  3:41  SCV  
  42  3:45  SCV  
  42  3:48  Supply Depot  
  43  3:53  SCV  
  43  3:57  SCV  
  43  3:58  Marine, Siege Tank  
  48  4:03  Supply Depot, Marine  
  48  4:05  SCV  
  49  4:12  Supply Depot  
  49  4:14  SCV  
  49  4:15  Medivac  
  52  4:19  SCV  
  52  4:20  Marine  
  52  4:21  Marine  
  55  4:28  SCV  
  56  4:36  Siege Tank  
  56  4:37  Command Center, SCV  
  60  4:38  Liberator  
  60  4:41  Supply Depot  
  60  4:44  Marine x2  
  62  4:52  SCV  
  61  4:55  SCV  
  65  5:00  Supply Depot  
  65  5:02  Marine x2  
  65  5:04  SCV  
  65  5:05  Supply Depot  
  68  5:11  SCV  
  68  5:12  Barracks  
  69  5:17  Factory Reactor  
  69  5:19  Marine  
  69  5:20  Barracks  
  70  5:23  SCV  
  70  5:24  Marine  
  70  5:25  Liberator  
  72  5:29  Engineering Bay x2  
  72  5:31  SCV  
  73  5:37  SCV  
  77  5:43  SCV  
  77  5:44  Marine  
  77  5:45  Marine  
  77  5:47  Refinery  
  77  5:48  Refinery  
  76  5:54  SCV  
  76  5:55  Orbital Command  
  76  6:01  Marine  
  76  6:03  Stimpack  
  76  6:04  SCV  
  78  6:09  Factory Reactor  
  78  6:16  Barracks  
  78  6:17  Marine x2  
  80  6:20  Barracks  
  80  6:22  SCV  
  80  6:23  Marine x2  
  80  6:24  SCV  
  84  6:29  Starport Reactor  
  84  6:33  Terran Infantry Weapons Level 1  
  84  6:34  Supply Depot, Terran Infantry Armor Level 1, SCV  
  84  6:35  Supply Depot  
  84  6:36  SCV  
  84  6:38  Marine x2  
  84  6:39  Marauder  
  90  6:40  Orbital Command  
  90  6:41  Marine x2  
  90  6:46  SCV  
  93  6:48  Widow Mine x2  
  93  6:50  SCV  
  95  6:56  Marine x2  
  95  6:59  SCV  
  98  7:02  Liberator x2, SCV  
  98  7:03  Marine x2  
  98  7:04  Supply Depot  
  98  7:05  Barracks Reactor  
  98  7:07  Barracks Reactor  
  95  7:11  SCV x2  
  95  7:14  SCV  
  100  7:15  Marauder  
  100  7:17  Marine  
  100  7:18  Marine  
  108  7:23  SCV x2  
  108  7:26  SCV  
  108  7:27  Supply Depot, Marine  
  108  7:28  Marine  
  108  7:29  Widow Mine x2  
  117  7:35  Marine x2  
  120  7:37  Marine  
  120  7:43  Supply Depot, SCV x2, Armory  
  122  7:45  Marine x4  
  122  7:48  SCV  
  122  7:51  Marine x2, Refinery  
  127  7:54  Marine  
  127  7:55  Engineering Bay, SCV  
  127  7:56  Marine x2  
  122  8:03  Marine x2, SCV, Combat Shields  
  113  8:14  Marine  
  113  8:16  Marine x2  
  113  8:17  SCV x2  
  111  8:24  Medivac x2  
  111  8:26  Marine  
  112  8:28  Marine  
  112  8:29  Marine x2  
  112  8:30  Marine x2  
  112  8:31  Marine  
  112  8:33  Marine, SCV  
  114  8:41  Marine  
  114  8:44  Marine  
  114  8:46  Widow Mine x2  
  120  8:49  Marine x2  
  122  8:55  SCV  
  122  8:56  SCV  
  122  9:01  Marine x2, Marauder  
  122  9:02  Supply Depot  
  128  9:03  Supply Depot, Marine x2, Refinery  
  128  9:06  Medivac  
  128  9:08  Marine  
  132  9:12  Marine x2  
  132  9:14  Marine  
  135  9:18  Marine  
  135  9:22  Marine x2  
  135  9:26  Marine x2  
  135  9:29  Marine, Hellion x2  
  135  9:30  Marine, Command Center  
  143  9:34  Marine  
  144  9:38  Marine  
  144  9:43  Marine  
  144  9:44  Marine  
  144  9:45  Marine  
  143  9:50  Marine x4  
  143  9:52  Marine  
  129  9:56  Marine  
Show
View Real Time Build Order
Export as new Build Order

LiquidTLO Zerg 

Build Orders: Hatch First 

Get SALT Encoding   

  12  0:00  Drone  
  13  0:13  Overlord  
  13  0:18  Drone  
  14  0:31  Drone  
  14  0:32  Drone  
  14  0:35  Drone  
  17  0:52  Hatchery  
  17  0:55  Drone  
  17  0:58  Drone  
  18  1:05  Extractor  
  17  1:14  Spawning Pool  
  17  1:16  Drone  
  17  1:19  Drone  
  18  1:30  Drone  
  19  1:42  Overlord  
  19  1:53  Drone  
  20  2:00  Queen  
  22  2:04  Queen  
  22  2:05  Metabolic Boost, Zergling x2  
  22  2:07  Zergling x2  
  26  2:28  Drone, Hatchery  
  26  2:30  Drone  
  26  2:34  Drone  
  28  2:42  Overlord  
  28  2:43  Zergling x2  
  29  2:47  Overlord  
  29  2:54  Overlord  
  29  3:02  Zergling x6  
  32  3:07  Zergling x2  
  33  3:14  Queen  
  33  3:16  Drone x2  
  33  3:17  Drone  
  38  3:21  Drone  
  38  3:22  Drone  
  38  3:25  Drone  
  41  3:36  Drone x2  
  41  3:37  Drone  
  44  3:42  Baneling Nest  
  44  3:43  Drone  
  44  3:47  Drone  
  45  3:49  Overlord  
  45  3:50  Drone  
  45  3:52  Zergling x2  
  45  3:55  Drone  
  48  3:57  Drone  
  48  4:00  Zergling x2  
  50  4:07  Drone  
  50  4:08  Drone  
  52  4:10  Drone  
  52  4:11  Drone  
  52  4:14  Spine Crawler  
  52  4:15  Spore Crawler  
  52  4:16  Zergling x2  
  52  4:19  Drone  
  52  4:20  Drone  
  54  4:24  Zergling x2  
  54  4:25  Zergling x2  
  54  4:26  Zergling x4  
  54  4:30  Zergling x2  
  59  4:32  Drone  
  59  4:33  Drone  
  59  4:35  Overlord  
  59  4:37  Zergling x2  
  62  4:40  Zergling x2  
  62  4:44  Drone  
  64  4:46  Drone  
  64  4:49  Drone  
  64  4:52  Drone  
  66  4:55  Overlord  
  66  4:59  Drone  
  67  5:01  Drone, Evolution Chamber  
  67  5:02  Drone, Evolution Chamber  
  67  5:03  Drone x2  
  67  5:05  Drone  
  67  5:06  Drone  
  71  5:11  Drone x3  
  71  5:13  Lair  
  74  5:15  Extractor  
  74  5:17  Queen, Drone  
  74  5:18  Drone  
  77  5:22  Overlord  
  77  5:24  Overlord  
  77  5:25  Zergling x2  
  78  5:28  Zergling x2  
  78  5:29  Zergling x2  
  78  5:31  Zergling x2  
  78  5:32  Zerg Ground Armor Level 1  
  78  5:34  Evolution Chamber  
  78  5:35  Zergling x2  
  77  5:39  Zergling x2  
  77  5:41  Zergling x2  
  77  5:42  Zerg Melee Weapons Level 1  
  77  5:43  Zergling x2  
  77  5:45  Queen  
  77  5:49  Zergling x2  
  76  5:51  Zergling x2  
  76  5:53  Zergling x2  
  76  5:57  Zergling x8  
  77  5:58  Zergling x2  
  77  6:00  Queen  
  83  6:04  Zergling x4  
  83  6:05  Zergling x2  
  83  6:08  Zergling x2  
  87  6:11  Drone  
  87  6:13  Drone  
  87  6:14  Drone  
  87  6:17  Drone  
  91  6:18  Spore Crawler  
  91  6:20  Drone  
  91  6:21  Zergling x2  
  91  6:24  Zergling x2  
  93  6:26  Spore Crawler  
  93  6:27  Spore Crawler  
  93  6:30  Queen  
  93  6:31  Zergling x8  
  93  6:32  Zergling x2  
  98  6:38  Overlord  
  98  6:41  Centrifical Hooks  
  98  6:43  Queen  
  98  6:50  Zergling x2  
  98  6:52  Overlord  
  96  7:01  Overlord, Zergling x2  
  97  7:06  Zergling x4  
  81  7:17  Zergling x2  
  81  7:18  Zergling x2  
  81  7:19  Zergling x2  
  81  7:20  Zergling x16  
  92  7:29  Zergling x10  
  97  7:35  Zerg Ground Armor Level 2  
  97  7:36  Zergling x2  
  98  7:39  Hatchery  
  98  7:41  Zergling x2  
  98  7:42  Zergling x2  
  99  7:45  Zergling x2  
  99  7:46  Zergling x2  
  99  7:47  Zergling x4  
  99  7:48  Zergling x2  
  99  7:49  Zergling x2  
  105  7:51  Zergling x2  
  105  7:52  Zergling x2, Queen x2  
  105  7:53  Zergling x2  
  105  7:54  Zergling x4  
  105  7:56  Queen  
  115  7:59  Zergling x2  
  115  8:00  Baneling x4  
  115  8:02  Zergling x2  
  115  8:03  Zergling x2  
  118  8:09  Zergling x2  
  106  8:13  Zergling x2  
  106  8:14  Zergling x2  
  106  8:15  Zergling x4  
  106  8:16  Zergling x4  
  106  8:17  Zergling x4  
  106  8:19  Zergling x2  
  101  8:20  Zergling x2  
  101  8:21  Zergling x4  
  101  8:24  Zergling x2  
  101  8:25  Zergling x2  
  102  8:30  Queen x2  
  102  8:33  Zergling x2  
  94  8:40  Zergling x4  
  95  8:45  Zergling x4  
  95  8:46  Zergling x10  
  95  8:48  Zergling x2  
  103  8:49  Zergling x2  
  103  8:52  Zergling x6  
  103  8:53  Zergling x2  
  108  8:58  Zergling x2  
  108  9:00  Zergling x2  
  110  9:03  Zergling x4  
  110  9:06  Baneling  
  110  9:07  Baneling x5  
  110  9:08  Zergling x2  
  112  9:13  Zergling x2  
  112  9:14  Zergling x6  
  112  9:15  Zergling x4  
  112  9:16  Baneling x2  
  118  9:18  Zergling x2  
  118  9:21  Zergling x2  
  118  9:22  Zergling x2, Baneling  
  118  9:23  Zergling x2  
  122  9:25  Zergling x4  
  122  9:26  Zergling x2  
  122  9:27  Zergling x4  
  122  9:29  Baneling x2  
  127  9:36  Overlord x4  
  127  9:41  Zergling x2  
  127  9:43  Baneling x8  
  127  9:45  Zergling x4  
  117  9:47  Zergling x8  
  117  9:48  Zergling x2  
  117  9:49  Zergling x2  
  117  9:51  Zergling x2  
  117  9:52  Zergling x4  
  96  9:53  Zergling x2  
  96  9:56  Zergling x2  
  96  9:57  Zergling x2  
Tags
 
Add a new tag
Caveats
  • Supply blocks, unpowered buildings, or Contaminate may cause inaccurate times.
  • Supply counts are checked every 10 seconds.